 Dungeon Crawl Stone Soup version 0.28-a0-769-g550dbda0cd (webtiles) character file.

Game seed: 9252604310605566807

53 demibob the Poker (level 3, -9/31 HPs)
             Began as a Draconian Chaos Knight on Nov 1, 2021.
             Was a Plaything of Xom.
             Mangled by a sun demon (22 damage)
             ... summoned by Xom
             ... on level 2 of the Dungeon.
             The game lasted 00:03:09 (1188 turns).

demibob the Poker (Draconian Chaos Knight)          Turns: 1188, Time: 00:03:09

Health: -9/31      AC:  7    Str: 14    XL:     3   Next: 64%
Magic:  3/3        EV: 12    Int: 12    God:    Xom [......]
Gold:   44         SH:  0    Dex: 11    Spells: 2/2 levels left

rFire   + . .      SeeInvis .   a - +1 spear (chaos)
rCold   + . .      Faith    .   (no shield)
rNeg    . . .      Spirit   .   (armour unavailable)
rPois   +          Reflect  .   (helmet restricted)
rElec   +          Harm     .   (no cloak)
rCorr   +          Rampage  .   c - +0 pair of gloves
Will    .....                   f - +0 pair of boots
Stlth   +.........              b - amulet of magic regeneration
HPRegen 0.10/turn               (no ring)
MPRegen 0.33/turn               (no ring)

@: resistant
A: AC +5, unfitting armour, cold-blooded
a: Renounce Religion


You were on level 2 of the Dungeon.
You worshipped Xom.
You were a very special plaything of Xom.
You visited 1 branch of the dungeon, and saw 2 of its levels.

You collected 44 gold pieces.


Innate Abilities, Weirdness & Mutations

Your plain brown scales are hard. (AC +5)
You cannot fit into any form of body armour.
You are cold-blooded and may be slowed by cold attacks.


   Skills:
 - Level 3.2 Fighting
 + Level 4.7 Polearms
 - Level 2.1 Dodging


You had 2 spell levels left.
You didn't know any spells.
Your spell library was empty.

Inventory:

Hand Weapons
 a - a +1 spear of chaos (weapon)
 i - a +0 dagger of distortion
Armour
 c - a +0 pair of gloves (worn)
 f - a +0 pair of boots (worn)
Jewellery
 b - an amulet of magic regeneration (around neck)
Scrolls
 g - a scroll of acquirement
Potions
 d - a potion of might
 j - a potion of haste {unknown}

Dungeon Overview and Level Annotations

Branches:
Dungeon (2/15)

Altars:

# #.# #.# #
... #.# # ...
#.# # ....
#####.####
#.....
#......§§# #
#..##..#§# #
#..##..#4# #
#......#3# #
#..†##.#@# #
#......#☼# #
####......§#
#
##.###.######
######......#
........#####
#########


You could see a sun demon (summoned) and a rust devil (summoned).


Message History

The ball python bites you but does no damage.
The ball python barely misses you.
You hit the bat.
You kill the bat!
The ball python bites you but does no damage.
The ball python grabs you. The ball python constricts you.
You hit the ball python.
The ball python seems to slow down.
You freeze the ball python.
You kill the ball python!
No target in view!
No target in view!
You see here a ball python corpse. "Fight to survive, mortal."
Enter note: bruh This is a scroll of acquirement!
Okay, then.
Unknown command.
Okay, then.
It was a potion of curing.
You feel better.
Xom is amused.
The sun demon hits you but does no damage.
It was a potion of resistance.
You feel protected. The sun demon hits you!
You emit a cloud of colourful smoke!
You are engulfed in flames.
You resist.
* * * LOW HITPOINT WARNING * * *
The sun demon hits you!!
Ouch! That really hurt!
You die...

Skill      XL: |  1  2 |
---------------+-------+-----
Polearms       | 4 |  4.7
Fighting       | |  3.2
Dodging        | |  2.1

Action                   || total
-------------------------++-------
Melee: Spear             ||   113
       Tailslap          ||     6
  Use: Scroll            ||     2
       Potion            ||     2
 Stab: Sleeping          ||     2
Armor: Skin              ||    31
Dodge: Dodged            ||    48

Levels and vault maps discovered:
D:1:      nzn_arrival_crosshair, layout_rooms
D:2:      layout_loops_cross

Notes
Turn   | Place    | Note
-------+----------+-------------------------------------------
     0 | D:1      | demibob the Draconian Chaos Knight began the quest for the
                  | Orb.
     0 | D:1      | Reached XP level 1. HP: 19/19 MP: 1/1
    89 | D:1      | XOM: silly message
   235 | D:1      | Reached XP level 2. HP: 26/26 MP: 2/2
   287 | D:1      | XOM: noise
   707 | D:2      | XOM: noise
   712 | D:2      | Reached skill level 4 in Polearms
   740 | D:2      | Reached XP level 3. HP: 29/31 MP: 3/3
  1027 | D:2      | XOM: 2-stop teleportation journey
  1059 | D:2      | XOM: silly message
  1073 | D:2      | XOM: 6-stop teleportation journey
  1180 | D:2      | XOM: summons 2 hostile demons
  1181 | D:2      | Noticed a rust devil
  1181 | D:2      | Noticed a sun demon
  1181 | D:2      | >>bruh
  1181 | D:2      | Identified a scroll of acquirement
  1186 | D:2      | Identified a potion of resistance
  1186 | D:2      | XOM: smoke on damage
  1188 | D:2      | Mangled by a sun demon

Vanquished Creatures
  An adder (D:2)
  A worm (D:2)
  A dart slug (D:2)
  An orc (D:2)
  3 ball pythons
  5 bats
  2 endoplasms (D:2)
  2 giant cockroaches (D:2)
  A goblin (D:1)
  7 hobgoblins
  3 jackals (D:2)
  A quokka (D:1)
  3 frilled lizards
  3 kobolds
  2 rats (D:2)
36 creatures vanquished.

Table legend: (Time is in decaauts)
 A = Elapsed time spent in this place.
 B = Non-inter-level travel time spent in this place.
 C = Inter-level travel time spent in this place.
 D = Time resting spent in this place.
 E = Time spent auto-exploring this place.
 F = Levels seen in this place.
 G = Mean time per level.
                   A        B        C        D        E       F      G
               +--------+--------+--------+--------+--------+-----+--------+
         Total |   1177 |   1163 |     14 |      8 |    902 |   2 |  588.5 |
       Dungeon |   1177 |   1163 |     14 |      8 |    902 |   2 |  588.5 |
               +--------+--------+--------+--------+--------+-----+--------+

Top non-repeatable levels by time:
     D:1: 636 daAuts
     D:2: 541 daAuts

Table legend:
 A = Non-vault XP
 B = Vault XP
 C = Vault XP percentage of total XP
 D = Non-vault monster count
 E = Vault monster count
 F = Vault count percentage of total count
                 A         B        C        D         E       F
            +---------+---------+-------+---------+---------+-------
      Total |      77 |       0 |   0.0 |      36 |       0 |   0.0
            +---------+---------+-------+---------+---------+-------
        D:1 |      16 |       0 |   0.0 |      10 |       0 |   0.0
        D:2 |      61 |       0 |   0.0 |      26 |       0 |   0.0
            +---------+---------+-------+---------+---------+-------
